 Dungeon Crawl Stone Soup version 0.18.1-6-gd335043 (webtiles) character file.

60277 pipel the Bludgeoner (level 14, -1/95 HPs)
             Began as a Gargoyle Earth Elementalist on May 15, 2016.
             Was the Champion of Trog.
             Slain by a jumping spider (11 damage)
             ... on level 1 of the Spider Nest.
             The game lasted 00:55:57 (16996 turns).

pipel the Bludgeoner (Gargoyle Earth Elementalist) Turns: 16996, Time: 00:55:58

Health: -1/95      AC: 13    Str: 17    XL:     14   Next: 98%
Magic:  19/19      EV: 11    Int: 19    God:    Trog [******]
Gold:   1286       SH:  5    Dex: 14    Spells: 3 memorised, 13 levels left

rFire  . . .     SeeInvis .     a - +8 dire flail (crush)
rCold  + . .     Gourm    .     V - +1 plate armour {rPois}
rNeg   + . .     Faith    .     (shield currently unavailable)
rPois  ∞         Spirit   .     s - +0 helmet
rElec  +         Dismiss  .     j - +1 cloak {MR+}
rCorr  .         Reflect  +     k - +0 pair of gloves
SustAt .         Harm     .     (no boots)
MR     ++...     Clarity  +     z - amulet "Diluweqy" {Reflect Str+3 SH+5}
Stlth  ..........               x - +3 ring of slaying
                                w - +4 ring of evasion

@: corroded, very resistant to hostile enchantments, extremely unstealthy
A: big wings, talons 1, agile 2, clarity, cold resistance 1, negative energy
resistance 1, shaggy fur 1, electricity resistance, unbreathing, evolution 1,
petrification resistance, rot immunity, AC +9
a: Fly, Berserk, Trog's Hand, Brothers in Arms, Burn Spellbooks, Renounce
Religion


You were on level 1 of the Spider Nest.
You worshipped Trog.
Trog was exalted by your worship.
You were not hungry.

You visited 3 branches of the dungeon, and saw 22 of its levels.
You also visited: Ossuary.

You collected 1421 gold pieces.
You spent 135 gold pieces at shops.

Inventory:

Hand Weapons
 a - a +8 dire flail of crushing (weapon)
 b - a +6 dire flail of protection
 c - a +3 antimagic great mace
Missiles
 g - a throwing net (quivered)
Armour
 j - a +1 cloak of magic resistance (worn)
 k - a +0 pair of gloves (worn)
 r - a +2 hat
 s - a +0 helmet (worn)
 V - a +1 plate armour of poison resistance (worn)
Jewellery
 w - a +4 ring of evasion (left hand)
 x - a +3 ring of slaying (right hand)
 z - the amulet "Diluweqy" (around neck) {Reflect Str+3 SH+5}
   (You found it on level 5 of the Lair of Beasts)

   [amulet of reflection]

   It shields you and reflects attacks.
   It affects your strength (+3).
   It affects your SH (+5).
 B - an uncursed ring of flight
 M - an uncursed ring of sustain attributes
Wands
 F - a wand of disintegration (12/24)
 H - a wand of digging (14/24)
 L - a wand of iceblast (5/15)
 T - a wand of enslavement (0/24)
 X - a wand of paralysis (1/24)
Scrolls
 e - 2 scrolls of magic mapping
 f - 9 scrolls of identify
 l - 6 scrolls of teleportation
 t - 3 scrolls of enchant weapon
 y - 4 scrolls of recharging
 C - 3 scrolls of fear
 N - 2 scrolls of enchant armour
 Q - 2 scrolls of immolation
 R - 10 scrolls of remove curse
Potions
 h - 2 potions of heal wounds
 i - 3 potions of berserk rage
 m - 17 potions of curing
 p - a potion of cure mutation {!q}
 u - 2 potions of invisibility
 D - 4 potions of haste
 E - 4 potions of flight
 G - a potion of resistance
 J - 5 potions of brilliance
 O - a potion of ambrosia
 P - 3 potions of agility
 S - 5 potions of might
 Z - 2 potions of cancellation
Books
 U - a Young Poisoner's Handbook

   Spells                             Type                      Level
   a - Sting                          Conjuration/Poison           1
   b - Cure Poison                    Poison                       2
   c - Mephitic Cloud                 Conjuration/Poison/Air       3
   d - Olgreb's Toxic Radiance        Poison                       4
   e - Venom Bolt                     Conjuration/Poison           5
   Trog disapproves of the use of such an item.
Miscellaneous
 q - a sack of spiders {used: 1}
 A - a stone of tremors
 W - a lamp of fire (inert)
 Y - an ornate deck of summoning
Comestibles
 d - 10 bread rations
 n - 5 beef jerkies
 o - 13 meat rations
 I - 14 fruits


   Skills:
 + Level 13.9 Fighting
   Level 0.5 Short Blades
 * Level 16.7 Maces & Flails
 + Level 1.9 Throwing
 + Level 12.8 Armour
 - Level 1.6 Dodging
 - Level 2.2 Stealth
   Level 5.2 Shields
 - Level 3.3 Spellcasting
 - Level 0.7 Transmutations
 - Level 4.6 Earth Magic
 + Level 1.6 Evocations


You had 13 spell levels left.
You knew the following spells:

 Your Spells              Type           Power        Failure   Level  Hunger
a - Sandblast             Erth           ###...       41%         1    None
b - Passwall              Trmt/Erth      ##........   97%         2    ##.....
c - Stone Arrow           Conj/Erth      ##....       100%        3    ###....


Dungeon Overview and Level Annotations

Branches:
Dungeon (12/15)            Temple (0/1) D:5            Lair (8/8) D:11
 Shoals (0/4) Lair:4       Spider (2/4) Lair:6        Slime (0/6) Lair:6
    Orc (0/2) D:9

Altars:
Cheibriados
Gozag
Makhleb
Okawaru
Ru
Trog
Vehumet
Yredelemnul
Zin
Jiyva

Shops:
D:4 [

Annotations:
D:9 Maurice


Innate Abilities, Weirdness & Mutations

You are resistant to torment.
Your stone body is resilient (AC +9).
You are immune to poison.
Your large and strong wings let you fly indefinitely.
You resist negative energy.
You are resistant to electric shocks.
You can survive without breathing.
You are immune to petrification.
You are immune to rotting.
You have sharp toenails.
You are very agile. (Dex +4)
You possess an exceptional clarity of mind.
Your flesh is cold resistant.
You are covered in fur (AC +1).
You evolve.


Message History

* * * LOW HITPOINT WARNING * * *
You are caught in a web!
The jumping spider bites you but does no damage.
You take 20 damage, and have 12/95 hp.
MASSIVE DAMAGE!!
Drink which item? (? for menu, Esc to quit)
You feel much better. The redback bites you.
* * * LOW HITPOINT WARNING * * *
The jumping spider pounces on you but does no damage.
The jumping spider completely misses you.
The jumping spider leaps!
The redback bites you but does no damage.
You regained 12 hp, and now have 24/95 hp.
Read which item? (? for menu, Esc to quit)
Okay, then.
You disentangle yourself.
The jumping spider pounces on you!
* * * LOW HITPOINT WARNING * * *
The jumping spider misses you.
The redback bites you but does no damage.
The jumping spider pounces on you!
You die...

.######....#...###.......##
# ...#...## ##.......# #
......## #........ ..
.....# ##........ ....
...#.# #......... ..... .##
#.####.#....... .....
#..#.###...... ..... #.s###
#..... ...... ##@#.# #..#.
##.s..## ##.# #......## .#
####...s...# #..........#
####...##### ##.§## #...#
#.†......#


You could see an orb spider, a jumping spider and a redback.

Vanquished Creatures
  Maud (D:11)
  A dire elephant (Lair:8)
  An entropy weaver (Spider:1)
  8 hydras
  A catoblepas (Lair:8)
  11 death yaks
  A queen ant (Lair:2)
  A deep troll shaman (Lair:8)
  A hill giant (D:10)
  The ghost of Hipnos the Thaumaturge, a novice VSFE of Vehumet (D:9)
  Pikel (D:7)
  2 wolf spiders
  An orb spider (Lair:6)
  A hornet (Spider:2)
  An ugly thing (D:10)
  A griffon (Lair:8)
  9 elephants
  Joseph (D:7)
  5 black mambas
  11 spiny frogs
  A torpor snail (Lair:4)
  5 komodo dragons
  3 rime drakes
  A demonic crawler (Spider:2)
  A jumping spider (shapeshifter) (D:9)
  A troll (D:10)
  2 two-headed ogres
  9 jumping spiders
  A polar bear (Lair:8)
  15 blink frogs
  Prince Ribbit (D:6)
  8 redbacks
  2 wraiths
  3 tarantellas
  5 basilisks
  39 yaks
  3 hippogriffs
  A steam dragon (D:11)
  5 soldier ants (Lair:2)
  15 water moccasins
  13 porcupines
  2 orc warriors
  A slave (D:6)
  2 ice beasts
  2 sky beasts
  A black bear (Lair:8)
  7 centaurs
  5 ogres
  2 phantoms
  14 wolves
  16 crocodiles
  An elf zombie (D:7)
  A big kobold (D:8)
  16 giant frogs
  A gnoll sergeant (D:10)
  A wyvern zombie (D:6)
  2 elf skeletons (D:7)
  A wyvern skeleton (D:7)
  6 scorpions
  A jelly (D:7)
  A howler monkey (D:11)
  5 crimson imps
  A centaur zombie (D:7)
  2 giant frog zombies
  2 quasits
  A centaur skeleton (D:4)
  3 giant frog skeletons
  8 orc priests
  3 hounds
  7 orc wizards
  2 human skeletons (D:7)
  Jessica (D:2)
  A gnoll shaman (D:10)
  12 iguanas
  21 worker ants
  A killer bee zombie (D:7)
  44 sheep
  A hound zombie (D:8)
  A mummy (Ossuary)
  A worker ant zombie (D:11)
  10 adders
  10 gnolls
  34 river rats
  2 shadow imps
  2 adder skeletons
  3 worms
  4 giant geckos
  28 orcs
  2 ball pythons
  5 bats
  3 giant cockroaches
  2 goblins
  10 hobgoblins
  8 jackals
  8 quokkas
  A giant cockroach zombie (D:6)
  A giant gecko skeleton (D:6)
  A giant gecko zombie (D:5)
  3 giant newts
  9 gnoll skeletons (Ossuary)
  11 kobolds
  4 kobold skeletons (Ossuary)
  11 orc skeletons (Ossuary)
  An orc zombie (D:7)
  A quokka skeleton (D:6)
  8 rats
  2 plants (Lair:7)
578 creatures vanquished.

Vanquished Creatures (collateral kills)
  An orb spider (Spider:2)
  A wolf spider (Spider:2)
  2 jumping spiders (Spider:2)
  2 redbacks (Spider:2)
  A tarantella (Spider:2)
  An orc (D:7)
8 creatures vanquished.

Vanquished Creatures (others)
  Nessos (Lair:7)
  A redback (Spider:1)
  2 adders (D:7)
  3 fungi
  5 plants
12 creatures vanquished.

Grand Total: 598 creatures vanquished

Notes
Turn   | Place    | Note
--------------------------------------------------------------
     0 | D:1      | pipel the Gargoyle Earth Elementalist began the quest for the Orb.
     0 | D:1      | Reached XP level 1. HP: 10/10 MP: 3/3
   248 | D:1      | Reached XP level 2. HP: 9/15 MP: 0/5
   252 | D:1      | Learned a level 2 spell: Passwall
   528 | D:1      | Reached XP level 3. HP: 7/19 MP: 1/7
   533 | D:1      | Learned a level 3 spell: Stone Arrow
   668 | D:2      | Noticed Jessica
   799 | D:2      | Killed Jessica
   799 | D:2      | Reached XP level 4. HP: 24/24 MP: 6/8
  1078 | D:2      | Found a faded altar to an unknown god.
  1087 | D:2      | Became a worshipper of Trog the Wrathful
  1087 | D:2      | Reached * piety under Trog
  1297 | D:3      | Found an opulent altar of Gozag.
  1505 | D:3      | Reached skill level 1 in Fighting
  1607 | D:3      | Reached XP level 5. HP: 27/29 MP: 10/10
  1633 | D:3      | Reached skill level 1 in Armour
  2020 | D:4      | Noticed an ogre
  2045 | D:4      | Killed an ogre
  2045 | D:4      | Reached XP level 6. HP: 23/37 MP: 11/11
  2048 | D:4      | Reached ** piety under Trog
  2192 | D:4      | Found a radiant altar of Vehumet.
  2207 | D:4      | Found a bloodstained altar of Trog.
  2315 | D:4      | Found Adiufoz's Antique Armour Emporium.
  2330 | D:4      | Bought a shiny buckler for 135 gold pieces
  2484 | D:4      | Found a sacrificial altar of Ru.
  2907 | D:5      | Entered Level 5 of the Dungeon
  3114 | D:5      | Found a staircase to the Ecumenical Temple.
  3126 | D:5      | Reached XP level 7. HP: 35/42 MP: 12/12
  3449 | D:5      | Reached skill level 1 in Shields
  3575 | D:6      | Reached skill level 5 in Fighting
  3596 | D:6      | Found an iron altar of Okawaru.
  3653 | D:6      | Reached skill level 5 in Armour
  3689 | D:6      | Got a dazzling leather armour
  3700 | D:6      | Identified the +2 leather armour of Darkness {rPois MR++ Str+4} (You found it on level 6 of the Dungeon)
  3829 | D:6      | Found a glowing silver altar of Zin.
  3829 | D:6      | Found a basalt altar of Yredelemnul.
  3871 | D:6      | Reached XP level 8. HP: 51/51 MP: 13/13
  3876 | D:6      | Reached skill level 1 in Maces & Flails
  3955 | D:6      | Noticed Prince Ribbit
  4098 | D:6      | Found a snail-covered altar of Cheibriados.
  4214 | D:6      | Killed Prince Ribbit
  4236 | D:7      | Noticed Pikel
  4355 | D:7      | Killed Pikel
  4355 | D:7      | Reached skill level 3 in Maces & Flails
  4355 | D:7      | Reached XP level 9. HP: 57/57 MP: 14/14
  4391 | D:7      | Found a burning altar of Makhleb.
  4447 | D:7      | Reached skill level 1 in Throwing
  4492 | D:7      | Reached *** piety under Trog
  4532 | D:7      | Found a sand-covered staircase.
  4538 | Ossuary  | Entered an ossuary
  4733 | Ossuary  | Reached skill level 4 in Maces & Flails
  4733 | Ossuary  | Reached skill level 5 in Shields
  5134 | D:7      | Noticed Joseph
  5152 | D:7      | Killed Joseph
  5192 | D:8      | Reached skill level 5 in Maces & Flails
  5401 | D:8      | Gained mutation: You evolve. [mutagenic meat]
  5402 | D:8      | Gained mutation: You are agile. (Dex +2) [mutagenic meat]
  5403 | D:8      | Gained mutation: You are very agile. (Dex +4) [mutagenic meat]
  5404 | D:8      | Gained mutation: You have sharp toenails. [mutagenic meat]
  5405 | D:8      | Gained mutation: You possess an exceptional clarity of mind. [mutagenic meat]
  5585 | D:8      | Reached XP level 10. HP: 65/65 MP: 15/15
  5900 | D:8      | Reached skill level 6 in Maces & Flails
  6022 | D:9      | Noticed Maurice
  6196 | D:9      | Noticed Hipnos's ghost (novice VSFE)
  6202 | D:9      | Killed Hipnos's ghost
  6402 | D:9      | Reached **** piety under Trog
  6465 | D:9      | Found a staircase to the Orcish Mines.
  6508 | D:9      | Reached skill level 7 in Maces & Flails
  6508 | D:9      | Reached skill level 1 in Evocations
  6606 | D:10     | Entered Level 10 of the Dungeon
  6880 | D:10     | Noticed a hill giant
  6896 | D:10     | Killed a hill giant
  6962 | D:10     | Reached skill level 10 in Fighting
  7068 | D:10     | Reached skill level 8 in Maces & Flails
  7068 | D:10     | Reached XP level 11. HP: 72/72 MP: 16/16
  7332 | D:10     | Reached ***** piety under Trog
  7453 | D:11     | Noticed a red ugly thing
  7463 | D:10     | Killed a red ugly thing
  7691 | D:11     | Found a staircase to the Lair.
  7829 | D:11     | Noticed Maud
  7847 | D:11     | Killed Maud
  7847 | D:11     | Reached skill level 9 in Maces & Flails
  8205 | Lair:1   | Entered Level 1 of the Lair of Beasts
  8224 | Lair:1   | Received a gift from Trog
  8600 | Lair:1   | Reached skill level 10 in Armour
  8814 | Lair:1   | Noticed a five-headed hydra
  8821 | Lair:1   | Killed a five-headed hydra
  9032 | Lair:2   | Reached skill level 10 in Maces & Flails
  9328 | Lair:2   | Reached XP level 12. HP: 77/80 MP: 17/17
  9378 | Lair:2   | Noticed a queen ant
  9402 | Lair:2   | Killed a queen ant
  9655 | Lair:2   | Reached skill level 11 in Maces & Flails
 10222 | Lair:3   | Gained mutation: Your flesh is cold resistant. [evolution]
 11112 | Lair:4   | Noticed a death yak
 11133 | Lair:4   | Reached skill level 12 in Maces & Flails
 11137 | Lair:4   | Killed a death yak
 11438 | Lair:4   | Received a gift from Trog
 11499 | Lair:4   | Found a staircase to the Shoals.
 11667 | Lair:4   | Gained mutation: You rapidly evolve. [evolution]
 11667 | Lair:4   | Lost mutation: You rapidly evolve. [end of evolution]
 11680 | Lair:4   | Reached XP level 13. HP: 87/87 MP: 18/18
 11796 | Lair:4   | Reached skill level 13 in Maces & Flails
 11953 | Lair:5   | Got a slimy quarterstaff
 11958 | Lair:5   | Identified the +4 quarterstaff "Regorgh" {flame, Int+2} (You found it on level 5 of the Lair of Beasts)
 12063 | Lair:5   | Got a fine diamond amulet
 12065 | Lair:5   | Identified the amulet "Diluweqy" {Reflect Str+3 SH+5} (You found it on level 5 of the Lair of Beasts)
 12904 | Lair:6   | Found a hole to the Spider Nest.
 13085 | Lair:6   | Reached skill level 14 in Maces & Flails
 13332 | Lair:6   | Gained mutation: You are covered in fur (AC +1). [potion of beneficial mutation]
 13738 | Lair:6   | Reached ****** piety under Trog
 13777 | Lair:6   | Found a viscous altar of Jiyva.
 13778 | Lair:6   | Found a staircase to the Slime Pits.
 14056 | Lair:6   | Received a gift from Trog
 14353 | Lair:7   | Gained mutation: Your large and strong wings let you fly indefinitely. [Gargoyle growth]
 14353 | Lair:7   | Reached XP level 14. HP: 94/94 MP: 19/19
 14363 | Lair:7   | Noticed Nessos
 14387 | Lair:7   | Killed Nessos
 14387 | Lair:7   | Reached skill level 15 in Maces & Flails
 15110 | Lair:8   | Entered Level 8 of the Lair of Beasts
 15801 | Lair:8   | Received a gift from Trog
 16048 | Lair:8   | Reached skill level 16 in Maces & Flails
 16089 | Lair:8   | Noticed a dire elephant
 16097 | Lair:8   | Killed a dire elephant
 16311 | Spider:1 | Entered Level 1 of the Spider Nest
 16646 | Spider:2 | Noticed an emperor scorpion
 16996 | Spider:1 | Slain by a jumping spider

Skill      XL: |  1  2  3  4  5  6  7  8  9 10 11 12 13 14 |
---------------+-------------------------------------------+-----
Earth Magic    | 4 |  4.6
Spellcasting   | 3 |  3.3
Fighting       | 1 3 5 7 8 10 11 12 13 | 13.9
Armour         | 3 4 5 6 9 10 11 12 | 12.8
Shields        | 1 3 5 |  5.2
Maces & Flails | 3 5 8 10 12 14 16 | 16.7
Throwing       | 1 |  1.9
Evocations     | 1 |  1.6
Short Blades   | |  0.5
Dodging        | |  1.6
Stealth        | |  2.2
Transmutations | |  0.7

Action                   |  1- 3 |  4- 6 |  7- 9 | 10-12 | 13-15 || total
-------------------------+-------+-------+-------+-------+-------++-------
Melee: Short sword       |    15 |    12 |       |       |       ||    27
       Rapier            |       |   269 |       |       |       ||   269
       Whip              |       |     3 |   442 |   352 |       ||   797
       Kick              |       |       |    16 |   262 |   269 ||   547
       Great mace        |       |       |       |   549 |   317 ||   866
       Morningstar       |       |       |       |    76 |       ||    76
       Dire flail        |       |       |       |       |   485 ||   485
Throw: Stone             |       |     1 |    10 |     3 |       ||    14
       Tomahawk          |       |       |       |       |     5 ||     5
       Throwing net      |       |       |       |       |     4 ||     4
 Cast: Sandblast         |    30 |    11 |       |       |       ||    41
       Stone Arrow       |       |     1 |       |       |       ||     1
Invok: Berserk           |       |     2 |     9 |    18 |    10 ||    39
       Trog's Hand       |       |       |       |     1 |     1 ||     2
       Brothers in Arms  |       |       |       |       |     1 ||     1
Evoke: Wand              |       |       |     1 |     4 |     3 ||     8
       Lamp of fire      |       |       |       |       |     1 ||     1
       Stone of tremors  |       |       |       |       |     1 ||     1
       Sack of spiders   |       |       |       |       |     1 ||     1
  Use: Scroll            |       |    11 |     2 |    16 |     7 ||    36
       Potion            |       |     1 |       |     1 |     4 ||     6
 Stab: Sleeping          |       |     3 |     3 |       |       ||     6
       Petrified         |       |       |       |       |     2 ||     2
  Eat: Chunk             |       |    20 |    23 |    38 |    14 ||    95
       Pizza             |       |       |       |       |     2 ||     2
       Bread ration      |       |       |       |       |     1 ||     1
Armor: Robe              |     9 |     6 |       |       |       ||    15
       Leather armour    |       |   137 |   118 |       |       ||   255
       Plate armour      |       |       |    56 |   682 |   640 ||  1378
Dodge: Dodged            |    17 |   199 |   263 |   399 |   407 ||  1285
Block: Buckler           |       |     8 |   103 |   123 |       ||   234
       Other             |       |       |       |       |   165 ||   165
       Reflection        |       |       |       |       |     1 ||     1
